Map: Sludge City

Players

Schuppe - Winner!

  • Race: Zerg Zerg
  • League: Diamond
  • Spawn Location: 5:00

Grumm - Winner!

  • Race: Protoss Protoss
  • League: Gold
  • Spawn Location: 5:00

Djaris

  • Race: Zerg Zerg
  • Spawn Location: 11:00

Tentakel

  • Race: Terran Terran
  • Spawn Location: 9:00

VOD

Have the link to the VOD?

Description

Time

  • Played on: Jan. 19, 2016, 9:24 p.m.
  • Length: 16:52
Show
View Real Time Build Order
Export as new Build Order

Schuppe Zerg - Winner!

Build Orders: Pool First 

Get SALT Encoding   

  12  0:01  Drone  
  13  0:13  Overlord  
  13  0:20  Drone  
  14  0:33  Drone x2  
  16  0:39  Drone  
  17  0:50  Spawning Pool  
  17  0:51  Drone  
  17  1:13  Hatchery  
  17  1:16  Drone  
  17  1:23  Extractor  
  17  1:24  Drone  
  17  1:30  Drone x2  
  19  1:38  Queen  
  21  1:41  Overlord  
  21  1:52  Zergling x2  
  22  2:08  Drone  
  23  2:15  Overlord  
  23  2:16  Queen  
  25  2:26  Queen  
  25  2:28  Drone x2  
  29  2:40  Zergling x4  
  29  2:43  Metabolic Boost  
  31  2:45  Zergling x2  
  32  2:57  Zergling x6  
  32  2:58  Zergling x2  
  36  3:05  Zergling x2  
  37  3:12  Zergling x4  
  39  3:20  Drone x2  
  41  3:34  Drone x3  
  44  3:51  Overlord  
  37  4:11  Drone x4  
  37  4:12  Drone x2  
  37  4:15  Extractor  
  37  4:16  Roach Warren, Extractor  
  39  4:26  Drone x2  
  39  4:29  Drone  
  39  4:30  Drone x4, Overlord  
  45  4:42  Lair  
  45  4:43  Baneling Nest  
  42  4:48  Zergling x8  
  46  4:56  Hatchery  
  45  5:02  Roach x5  
  45  5:03  Roach  
  57  5:19  Drone x2  
  57  5:21  Drone, Overlord x2, Extractor  
  60  5:22  Overlord  
  60  5:27  Baneling  
  60  5:28  Baneling  
  59  5:50  Drone x3  
  62  5:59  Roach x2  
  62  6:00  Roach x3  
  62  6:04  Ravager x6  
  75  6:07  Overlord  
  78  6:15  Roach x3  
  84  6:20  Drone x6  
  84  6:24  Overlord x2  
  90  6:38  Drone x2  
  90  6:39  Drone x3  
  95  6:42  Glial Reconstitution  
  95  6:48  Drone x5, Evolution Chamber  
  95  6:50  Evolution Chamber  
  95  7:00  Drone  
  101  7:01  Drone x6  
  77  7:27  Drone x5, Extractor x2  
  77  7:28  Roach x2  
  77  7:29  Roach  
  84  7:30  Zerg Ground Armor Level 1, Zerg Missile Weapons Level 1  
  88  7:44  Roach x4  
  88  7:49  Roach  
  94  7:53  Infestation Pit  
  93  8:04  Roach x9  
  93  8:05  Overlord, Roach  
  113  8:11  Hatchery  
  112  8:19  Ravager  
  113  8:20  Overlord x4  
  113  8:31  Pathogen Glands  
  113  8:32  Hatchery  
  112  8:35  Roach  
  112  8:36  Roach x4  
  112  8:37  Overlord x3  
  122  8:42  Ravager x4  
  122  8:43  Ravager x6  
  122  8:44  Ravager  
  122  8:48  Roach x4  
  141  9:04  Roach  
  141  9:05  Roach x10  
  163  9:25  Overseer x2  
  163  9:27  Pneumatized Carapace  
  163  9:31  Drone x5  
  165  9:32  Overlord x4  
  165  9:34  Hatchery  
  158  9:53  Zerg Ground Armor Level 2, Zerg Missile Weapons Level 2  
  133  10:34  Roach x5  
  133  10:35  Roach x17  
  177  10:40  Zergling x2, Hive  
  177  10:41  Zergling x8  
  182  10:45  Extractor  
  182  10:47  Extractor  
  180  11:07  Zergling x2  
  180  11:08  Zergling x32  
  197  11:21  Spire  
  196  11:32  Roach  
  198  11:33  Roach  
  200  12:06  Adrenal Glands  
  200  12:11  Zerg Ground Armor Level 3, Zerg Missile Weapons Level 3  
  200  12:14  Ultralisk Cavern  
  200  12:15  Evolution Chamber  
  198  12:41  Neural Parasite  
  198  13:48  Spine Crawler  
  198  13:49  Spine Crawler  
  198  13:50  Spine Crawler  
  198  13:51  Spine Crawler x2  
  198  13:52  Spine Crawler  
  198  13:53  Spine Crawler x3  
  198  13:55  Spine Crawler x2  
  187  13:56  Spine Crawler  
  187  13:57  Chitinous Plating  
  187  13:59  Zerg Melee Weapons Level 1  
  187  14:02  Zerg Flyer Weapons Level 1  
  184  14:16  Mutalisk, Spire  
  170  14:17  Mutalisk x13  
  198  14:39  Overseer x5  
  198  14:40  Overseer x3  
  198  15:21  Baneling x15  
  198  15:22  Baneling x28  
  198  15:26  Ravager  
Show
View Real Time Build Order
Export as new Build Order

Grumm Protoss - Winner!

Build Orders:  

Get SALT Encoding   

  12  0:13  Probe (Chrono Boost)  
  13  0:14  Pylon  
  13  0:24  Probe (Chrono Boost)  
  14  0:34  Gateway  
  14  0:36  Probe (Chrono Boost)  
  15  0:51  Probe (Chrono Boost)  
  16  1:03  Gateway  
  16  1:05  Gateway  
  16  1:08  Probe (Chrono Boost)  
  17  1:22  Zealot  
  17  1:23  Pylon  
  19  1:34  Assimilator  
  20  1:47  Probe (Chrono Boost)  
  20  1:58  Nexus  
  20  2:03  Probe (Chrono Boost)  
  20  2:08  Zealot  
  23  2:14  Zealot  
  25  2:20  Zealot  
  27  2:27  Assimilator  
  27  2:40  Cybernetics Core  
  27  2:46  Pylon  
  27  2:49  Probe (Chrono Boost)  
  28  3:04  Zealot x2  
  33  3:12  Probe (Chrono Boost)  
  33  3:17  Warp Gate  
  33  3:20  Adept  
  33  3:25  Probe (Chrono Boost)  
  30  4:32  Probe (Chrono Boost)  
  30  4:33  Probe (Chrono Boost)  
  30  4:37  Zealot x2  
  30  4:38  Zealot  
  36  4:41  Forge  
  36  4:42  Probe (Chrono Boost)  
  36  4:43  Gateway  
  37  4:47  Pylon  
  37  4:50  Probe (Chrono Boost)  
  37  4:51  Assimilator  
  37  4:52  Stargate  
  35  4:53  Probe (Chrono Boost)  
  35  4:54  Stargate  
  35  4:55  Assimilator  
  33  5:08  Mothership Core (Chrono Boost)  
  33  5:10  Probe (Chrono Boost)  
  36  5:21  Probe (Chrono Boost)  
  37  5:22  Photon Cannon  
  37  5:27  Probe (Chrono Boost)  
  38  5:31  Probe (Chrono Boost)  
  38  5:32  Pylon  
  39  5:36  Pylon  
  39  5:48  Oracle x2  
  45  5:51  Protoss Ground Weapons Level 1  
  45  5:53  Probe (Chrono Boost)  
  45  5:55  Pylon  
  46  5:57  Probe (Chrono Boost)  
  46  6:03  Probe (Chrono Boost)  
  48  6:09  Twilight Council  
  48  6:11  Stalker x2  
  50  6:13  Adept  
  54  6:46  Dark Shrine  
  54  6:51  Photon Cannon  
  54  6:52  Pylon  
  42  7:19  Probe x2 (Chrono Boost)  
  44  7:32  Probe (Chrono Boost)  
  44  7:34  Zealot  
  44  7:35  Zealot x3  
  44  7:36  Charge (Chrono Boost)  
  53  7:42  Probe  
  53  7:43  Probe  
  55  7:46  Gateway  
  55  7:49  Photon Cannon  
  55  7:51  Gateway  
  55  7:54  Gateway  
  55  7:56  Pylon  
  55  8:01  Pylon  
  55  8:02  Pylon  
  55  8:07  Dark Templar x3  
  55  8:08  Dark Templar  
  62  8:25  Probe  
  63  8:36  Probe  
  63  8:39  Void Ray x2  
  63  8:40  Dark Templar  
  63  8:41  Dark Templar x2  
  78  8:43  Zealot  
  78  8:45  Protoss Ground Armor Level 1  
  78  8:46  Archon  
  80  8:57  Nexus  
  80  9:02  Pylon  
  80  9:05  Pylon  
  80  9:25  Gateway  
  80  9:26  Gateway  
  80  9:29  Gateway  
  80  9:30  Photon Cannon  
  80  9:34  Dark Templar x3  
  56  10:39  Dark Templar x4  
  64  10:53  Zealot x3  
  64  10:54  Zealot  
  72  11:14  Dark Templar x3  
  72  11:15  Dark Templar x3  
  80  12:17  Stalker x4  
  80  12:18  Stalker x6  
  100  13:14  Archon x3  
  100  13:15  Archon x2  
  100  13:18  Void Ray x2 (Chrono Boost)  
  108  14:11  Void Ray (Chrono Boost)  
  108  14:15  Phoenix (Chrono Boost)  
  114  14:30  Probe x2  
  116  14:37  Void Ray (Chrono Boost)  
  120  14:48  Phoenix (Chrono Boost)  
  122  15:10  Void Ray (Chrono Boost)  
  122  15:14  Void Ray (Chrono Boost)  
Show
View Real Time Build Order
Export as new Build Order

Djaris Zerg 

Build Orders: Hatch First 

Get SALT Encoding   

  12  0:02  Drone  
  13  0:13  Overlord  
  13  0:21  Drone  
  14  0:33  Drone x2  
  16  0:36  Drone  
  17  0:47  Drone  
  18  0:59  Hatchery  
  18  1:02  Extractor  
  18  1:03  Drone  
  17  1:08  Drone  
  18  1:21  Spawning Pool  
  18  1:23  Drone  
  18  1:29  Drone  
  19  1:40  Drone  
  20  2:02  Hatchery  
  19  2:08  Queen  
  19  2:10  Metabolic Boost  
  21  2:25  Queen  
  23  2:31  Overlord  
  23  2:35  Drone  
  23  2:36  Drone  
  25  2:46  Drone x2  
  25  2:47  Overlord  
  25  2:49  Drone  
  25  2:51  Drone  
  29  2:58  Zergling x2  
  30  2:59  Zergling x2  
  31  3:10  Zergling x2  
  31  3:11  Zergling x2  
  33  3:15  Zergling x2  
  33  3:16  Zergling x2  
  37  3:27  Spine Crawler x2  
  35  3:28  Spine Crawler  
  33  3:41  Spine Crawler  
  27  3:51  Zergling x6  
  27  3:52  Zergling x10  
  34  4:09  Zergling x4  
  35  4:21  Zergling x2  
  35  4:22  Zergling x4  
  34  4:37  Zergling x6  
  33  4:56  Zergling x4  
  33  4:57  Zergling x4  
  36  5:11  Zergling x2  
  36  5:12  Zergling x6  
  36  5:13  Zergling x6  
  43  5:20  Hatchery  
  42  5:24  Drone  
  42  5:27  Overlord  
  42  5:28  Overlord  
  43  5:31  Extractor x2  
  30  5:47  Drone x3  
  33  5:50  Roach Warren  
  33  5:56  Drone  
  33  5:57  Drone x4  
  37  6:05  Zergling x2  
  38  6:14  Lair  
  38  6:15  Lair  
  38  6:19  Evolution Chamber, Drone  
  38  6:28  Hatchery  
  38  6:32  Queen  
  37  6:38  Roach x3  
  37  6:39  Roach x5  
  55  6:40  Roach  
  25  7:33  Roach x5  
  25  7:34  Zergling x4, Roach x2  
  25  7:35  Zergling x10  
  25  7:36  Drone x3  
  49  7:37  Queen  
  51  7:46  Queen  
  53  7:57  Zerg Ground Armor Level 1  
  53  8:08  Zergling x6  
  56  8:13  Drone  
  54  8:41  Glial Reconstitution  
  54  8:43  Drone x2  
  54  8:44  Drone  
  54  8:45  Drone x3  
  60  8:55  Spore Crawler  
  59  8:56  Drone  
  59  9:00  Spore Crawler  
  59  9:06  Spore Crawler  
  59  9:08  Drone  
  28  11:11  Hatchery  
  25  11:16  Hatchery  
  23  11:19  Hatchery  
Show
View Real Time Build Order
Export as new Build Order

Tentakel Terran 

Build Orders:  

Get SALT Encoding   

  12  0:03  SCV  
  13  0:15  SCV  
  13  0:20  Supply Depot  
  14  0:28  SCV  
  15  0:41  SCV  
  16  0:49  Barracks  
  16  0:55  SCV  
  17  1:07  SCV  
  18  1:22  Refinery, SCV  
  19  1:31  Refinery  
  19  1:34  SCV  
  20  1:43  Barracks  
  20  1:46  SCV  
  21  1:58  SCV  
  22  2:02  Barracks Reactor  
  22  2:10  SCV  
  23  2:22  Factory  
  23  2:29  Orbital Command  
  23  2:37  Supply Depot  
  23  2:39  Supply Depot  
  23  2:40  Barracks Tech Lab  
  23  2:41  Supply Depot  
  23  2:59  Marine x2  
  25  3:09  Marauder  
  27  3:15  Factory Tech Lab  
  27  3:17  Marine x2  
  29  3:26  Supply Depot  
  29  3:30  Marauder  
  31  3:34  Marine x2  
  30  4:10  Marauder, Marine x2  
  27  4:20  Siege Tank  
  30  4:27  Marine  
  30  4:28  Marine  
  20  4:42  Barracks Tech Lab  
  16  4:45  Marine  
  16  4:46  Marine  
  15  5:04  Siege Tank  
  15  5:07  SCV  
  19  5:18  Marine x2  
  19  5:19  SCV  
  22  5:21  Command Center  
  22  5:31  Marauder, SCV  
  25  5:36  Marine x2, Siege Tank  
  30  5:43  SCV  
  31  5:55  SCV  
  32  6:07  SCV  
  33  6:19  SCV  
  34  6:32  SCV  
  35  6:35  Engineering Bay  
  35  6:38  Armory  
  35  6:40  Armory, SCV  
  35  6:44  SCV  
  37  6:53  SCV  
  38  6:56  SCV  
  39  7:05  SCV  
  38  7:29  SCV  
  37  7:42  SCV  
  37  7:43  Missile Turret  
  38  7:47  Missile Turret  
  38  7:51  Orbital Command  
  38  7:54  SCV  
  38  7:57  Missile Turret  
  39  8:02  Missile Turret  
  39  8:06  SCV  
  39  8:08  Missile Turret  
  39  8:11  Siege Tank  
  43  8:18  SCV  
  44  8:24  Hi-Sec Auto Tracking  
  44  8:29  Terran Ship Weapons Level 1  
  44  8:30  SCV  
  44  8:31  Terran Vehicle Weapons Level 1  
  45  8:44  Siege Tank  
  48  8:48  Missile Turret  
  48  8:49  SCV  
  48  8:50  Missile Turret  
  48  8:51  SCV  
  50  9:01  SCV  
  51  9:03  SCV  
  52  9:12  Missile Turret  
  52  9:35  Sensor Tower  
  51  9:48  SCV  
  52  10:00  SCV  
  53  10:12  SCV  
  53  10:13  Missile Turret  
  42  10:24  SCV  
  35  10:37  SCV  
  12  11:48  Command Center  
  12  11:52  Command Center x2  
  12  12:00  Command Center  
  9  12:34  Command Center  
  6  13:05  Command Center  
  2  13:47  Command Center  
  1  15:00  Command Center  
  1  16:17  Command Center  
  1  16:23  SCV  
Tags
 
Add a new tag
Caveats
  • Supply blocks, unpowered buildings, or Contaminate may cause inaccurate times.
  • Supply counts are checked every 10 seconds.